 Seeded DCSS version 0.30-a0-726-gd89dcf765f (webtiles) character file.

Game seed: 5772684963948250150 (custom seed)

91128 valliere the Thaumaturge (level 16, 0/136 HPs)
             Began as a Gnoll Summoner on Jan 30, 2023.
             Was the Champion of Lugonu.
             Slain by a +7 executioner's axe of freezing (2 damage)
             ... on level 2 of the Elven Halls.
             The game lasted 01:25:25 (22243 turns).

valliere the Thaumaturge (Gnoll Summoner)          Turns: 22243, Time: 01:25:26

Health: 0/136      AC: 20    Str: 13    XL:     16   Next: 2%
Magic:  41/41      EV: 21    Int: 14    God:    Lugonu [******]
Gold:   1411       SH: 19    Dex: 30    Spells: 20/39 levels left

rFire   + . .      SeeInvis .    E - +11 Singing Sword {sonic wave}
rCold   + . .      Faith    .    x - -1 kite shield "Wadu" {rF+ MP+9 Dex+2}
rNeg    . . .      Spirit   .    T - quicksilver dragon scales
rPois   .          Reflect  +    w - +0 helmet
rElec   .          Harm     .    L - +0 cloak
rCorr   .          Rampage  .    z - +0 pair of gloves
Will    +....                    n - +1 pair of boots of Juelle Cudo {+Blink rC+ Will-}
Stlth   +++++                    D - amulet of reflection
HPRegen 0.42/turn                h - +6 ring of dexterity
MPRegen 0.27/turn                R - +6 ring of dexterity

@: lethally poisoned (0 -> -5)
A: fangs 1, strong nose, distributed training, robust 1, wild magic 1,
MP-powered wands
a: Renounce Religion, Evoke Blink, Depart the Abyss, Banish, Corrupt, Enter the
Abyss, Brand Weapon With Distortion


You were on level 2 of the Elven Halls.
You worshipped Lugonu.
Lugonu was exalted by your worship.
You visited 4 branches of the dungeon, and saw 20 of its levels.
You visited the Abyss 1 time.
You also visited: Bailey.

You collected 4210 gold pieces.
You spent 2799 gold pieces at shops.

Inventory:

Hand Weapons
 y - the +11 battleaxe of the Warrior-Mage {speed, *Slow rPois rF+ Int+3}
   (You bought it in a shop on level 1 of the Dungeon)

   Int:       It affects your intelligence (+3).
   rF:        It protects you from fire.
   rPois:     It protects you from poison.
   *Slow:     It may slow you when you take damage.
 E - the +11 Singing Sword (weapon) {sonic wave}
   (You bought it in a shop on level 2 of the Orcish Mines)
 J - a +4 lajatang of pain
 Z - the +0 arbalest "Kohamu" {elec, rElec Int+3 Stlth+}
   (You acquired it on level 3 of the Lair of Beasts)

   Int:       It affects your intelligence (+3).
   rElec:     It insulates you from electricity.
   Stlth:     It makes you more stealthy.
Missiles
 S - 2 throwing nets
Armour
 n - the +1 pair of boots of Juelle Cudo (worn) {+Blink rC+ Will-}
   (You bought it in a shop on level 2 of the Orcish Mines)

   rC:        It protects you from cold.
   +Blink:    It lets you blink.
   Will:      It decreases your willpower.
 w - a +0 helmet (worn)
 x - the -1 kite shield "Wadu" (worn) {rF+ MP+9 Dex+2}
   (You bought it in a shop on level 2 of the Orcish Mines)

   Dex:       It affects your dexterity (+2).
   rF:        It protects you from fire.
   MP:        It affects your magic capacity (+9).
 z - a +0 pair of gloves (worn)
 L - a +0 cloak (worn)
 T - quicksilver dragon scales (worn)
Jewellery
 c - a ring of poison resistance
 h - a +6 ring of dexterity (left hand)
 D - an amulet of reflection (around neck)
 G - a ring of flight
 Q - a +5 ring of evasion
 R - a +6 ring of dexterity (right hand)
Wands
 s - a wand of charming (2)
 M - a wand of acid (17)
 N - a wand of digging (13)
 W - a wand of flame (13)
 X - a wand of iceblast (6)
 Y - a wand of mindburst (8)
Scrolls
 a - 3 scrolls of fog
 d - 4 scrolls of blinking
 g - 4 scrolls of poison
 i - 3 scrolls of enchant armour
 j - a scroll of brand weapon {unknown}
 l - a scroll of fear
 m - 3 scrolls of immolation {unknown}
 o - 8 scrolls of magic mapping
 p - a scroll of torment {unknown}
 r - 9 scrolls of teleportation
 v - a scroll of silence {unknown}
 A - 2 scrolls of amnesia {unknown}
 C - a scroll of summoning {unknown}
 O - a scroll of vulnerability {unknown}
 U - 2 scrolls of enchant weapon {unknown}
Potions
 b - 4 potions of magic
 e - a potion of berserk rage
 f - 9 potions of curing
 k - 3 potions of mutation
 q - 4 potions of lignification
 t - 3 potions of brilliance
 u - a potion of heal wounds
 B - 2 potions of resistance
 F - a potion of flight
 H - a potion of invisibility {unknown}
 I - 3 potions of haste
 K - a potion of cancellation {unknown}
 P - 2 potions of ambrosia {unknown}
 V - a potion of might {unknown}


   Skills:
 + Level 10.9 Fighting
 + Level 10.9 Short Blades
 + Level 10.9 Long Blades
 + Level 10.9 Axes
 + Level 10.9 Maces & Flails
 + Level 10.9 Polearms
 + Level 10.9 Staves
 + Level 10.9 Ranged Weapons
 + Level 10.9 Throwing
 + Level 10.9 Armour
 + Level 11.8 Dodging
 + Level 11.7 Stealth
 + Level 10.9 Shields
 + Level 10.9 Unarmed Combat
 + Level 12.0 Spellcasting
 + Level 9.2 Conjurations
 + Level 9.2 Hexes
 + Level 11.6 Summonings
 + Level 9.2 Necromancy
 + Level 9.2 Translocations
 + Level 9.2 Transmutations
 + Level 9.2 Fire Magic
 + Level 9.2 Ice Magic
 + Level 9.2 Air Magic
 + Level 9.2 Earth Magic
 + Level 9.2 Poison Magic
 + Level 11.8 Invocations
 + Level 10.9 Evocations


You had 20 spell levels left.
You knew the following spells:

 Your Spells              Type           Power      Damage    Failure   Level
a - Summon Small Mammal   Summ           100%       N/A       1%          1
b - Call Imp              Summ           52%        N/A       1%          2
c - Call Canine Familiar  Summ           52%        N/A       1%          3
d - Manifold Assault      Tloc           44%        N/A       12%         4
e - Animate Armour        Summ/Erth      96%        N/A       8%          4
f - Blink                 Tloc           88%        N/A       2%          2
g - Mephitic Cloud        Conj/Pois/Air  44%        N/A       4%          3

Your spell library contained the following spells:

 Spells                   Type           Power      Damage    Failure   Level
 Apportation              Tloc           88%        N/A       1%          1
 Magic Dart               Conj           100%       1d8       1%          1
 Necrotise                Necr           100%       1d9       1%          1
 Ensorcelled Hibernation  Hex/Ice        88%        N/A       2%          2
 Searing Ray              Conj           88%        2d7       2%          2
 Sublimation of Blood     Necr           44%        N/A       2%          2
 Wereblood                Tmut           44%        N/A       2%          2
 Summon Guardian Golem    Hex/Summ       48%        N/A       2%          3
 Ignite Poison            Fire/Tmut/Pois 44%        N/A       4%          3
 Kindle Blastsparks       Fire/Tloc/Air  88%        2d17      4%          3
 Spider Form              Tmut/Pois      44%        N/A       4%          3
 Stone Arrow              Conj/Erth      88%        3d12      4%          3
 Tukima's Dance           Hex            44%        N/A       4%          3
 Vampiric Draining        Necr           44%        2d9       4%          3
 Vhi's Electric Charge    Tloc/Air       88%        N/A       4%          3
 Summon Lightning Spire   Summ/Air       48%        N/A       8%          4
 Anguish                  Hex/Necr       22%        N/A       12%         4
 Fulminant Prism          Conj/Hex       22%        3d12      12%         4
 Iskenderun's Mystic Bla  Conj/Tloc      44%        2d10      12%         4
 Passage of Golubria      Tloc           44%        N/A       12%         4
 Summon Forest            Summ/Tloc      24%        N/A       19%         5
 Agony                    Necr           44%        N/A       30%         5
 Arcjolt                  Conj/Air       22%        1d32      30%         5
 Blade Hands              Tmut           22%        N/A       30%         5
 Freezing Cloud           Conj/Ice/Air   22%        6-21      30%         5
 Yara's Violent Unravell  Hex/Tmut       22%        3d10      30%         5
 Dispersal                Tloc           22%        N/A       82%         6
 Eringya's Noxious Bog    Tmut/Pois      22%        N/A       82%         6
 Iron Shot                Conj/Erth      22%        9d5       82%         6
 Summon Hydra             Summ           26%        N/A       96%         7
 Storm Form               Tmut/Air       22%        N/A       100%        7
 Lehudib's Crystal Spear  Conj/Erth      22%        10d6      100%        8
 Maxwell's Capacitive Co  Air            22%        ∞         100%        8


Dungeon Overview and Level Annotations

Branches:
Dungeon (11/15)            Temple (0/1) D:7            Lair (5/5) D:9
  Swamp (0/4) Lair:2        Snake (0/4) Lair:3        Slime (0/5) Lair:5
    Orc (2/2) D:11            Elf (2/3) Orc:2        Bailey (visited)

Altars:
Ashenzari
Cheibriados
Elyvilon
Fedhas
Gozag
Hepliaklqana
Kikubaaqudgha
Okawaru
Uskayaw
Vehumet
Wu Jian
Zin
Lugonu

Shops:
D:1 :?((   Orc:2 [(?[**   Elf:1 *   Elf:2 (

Portals:
Abyss: D:4

Annotations:
D:4 2 transporters, Sabo's ghost, amateur OpCj
Orc:2 corrupted
Elf:1 4 runed translucent doors, corrupted, exclusion: obsidian statue, drugrobin's ghost, journeyman DgDe


Innate Abilities, Weirdness & Mutations

You have very sharp teeth.
Your uncanny sense of smell can sniff out nearby items.
Your experience applies equally to all skills.
You are robust. (+10% HP)
Your spells are a little harder to cast, but a little more powerful.
You expend magic power (3 MP) to strengthen your wands.


Message History

The deep elf pyromancer is severely wounded.
The +7 executioner's axe of freezing is moderately damaged.
The +2 battleaxe of freezing is heavily damaged.
The +2 glaive of venom is almost destroyed.
Your bite misses the +2 glaive of venom.
The +2 glaive of venom is almost destroyed.
You feel very sick.
You hear a shout! x3
The +2 battleaxe of freezing hits you!
* * * LOW HITPOINT WARNING * * *
The +2 battleaxe of freezing freezes you.
* * * LOW HITPOINT WARNING * * *
The +7 executioner's axe of freezing hits you but does no damage.
The deep elf pyromancer mumbles some strange words.
The deep elf pyromancer blinks!
You block the +2 glaive of venom's attack.
You block the +2 battleaxe of freezing's attack.
You miss the +2 glaive of venom.
Your bite misses the +2 glaive of venom.
The +2 glaive of venom is almost destroyed.
You feel very sick.
You block the +7 executioner's axe of freezing's attack.
The deep elf pyromancer mumbles some strange words.
The deep elf pyromancer blinks!
The +2 glaive of venom misses you.
You block the +2 battleaxe of freezing's attack.
Unknown command.
You slice the +2 glaive of venom!!
The +2 glaive of venom falls from the air.
Lugonu accepts your kill.
You feel sick.
The +7 executioner's axe of freezing closely misses you.
You block the +2 battleaxe of freezing's attack.
Unknown command.
The +2 battleaxe of freezing attacks as you move away!
The +2 battleaxe of freezing barely misses you.
You feel sick.
The +7 executioner's axe of freezing hits you!
* * * LOW HITPOINT WARNING * * *
The +7 executioner's axe of freezing freezes you.
You die...

....###.....##
.............##
..............#
..............#
..............#
.............#
.........(..#
...§.....(@.#
............##
###.###......## #
##......# #......# ##
### ##......#
..###.###.###......##
..................##
..................#


You could see 2 dancing weapons.

Vanquished Creatures
  3 deep elf annihilators
  A dire elephant (Lair:5)
  14 dancing weapons
  A death yak (Lair:5)
  13 deep elf knights
  A lindwurm (Lair:4)
  A wizard (D:11)
  5 deep elf archers
  A necromancer (Lair:5)
  2 orc knights (Orc:1)
  3 orc sorcerers
  31 deep elf pyromancers
  2 cyclopes (D:11)
  14 deep elf zephyrmancers
  A dire elephant zombie (Lair:5)
  11 elephants
  4 black mambas
  6 cane toads
  3 rime drakes
  4 komodo dragons
  2 trolls (D:10)
  4 polar bears
  3 blink frogs (Lair:4)
  An air elemental (Elf:1)
  A slime creature (D:7)
  3 shadows
  3 water elementals (Elf:1)
  5 wyverns
  2 spriggans (Bailey)
  A wraith (D:10)
  8 yaks
  4 basilisks
  A death yak simulacrum (Lair:5)
  4 fire elementals
  4 steam dragons
  A vampire mosquito (D:7)
  A warg (Orc:1)
  A naga (Lair:3)
  2 acid dragons
  Duvessa (D:5)
  19 water moccasins
  A floating eye (Lair:5)
  13 orc warriors
  A black bear (D:6)
  3 ice beasts
  2 sky beasts
  An elephant zombie (Lair:5)
  2 ogres
  A boggart (Elf:1)
  9 wolves
  6 centaurs
  2 elephant skeletons (Lair:5)
  A phantom (D:6)
  4 kobold brigands
  2 earth elementals
  9 bullfrogs
  4 scorpions
  8 wights
  5 killer bees (D:9)
  Dowan (D:5)
  An elephant simulacrum (Lair:5)
  3 electric eels
  2 howler monkeys
  2 jellies
  11 orc priests
  5 hounds
  Jessica (D:2)
  10 iguanas
  9 orc wizards
  9 gnolls
  4 adders
  2 white imps
  4 worms
  7 dart slugs
  49 orcs
  5 bats
  2 endoplasms (D:4)
  6 giant cockroaches
  6 hobgoblins
  6 jackals (D:2)
  A quokka (D:2)
  6 ball pythons
  4 frilled lizards
  7 goblins
  26 kobolds
  5 rats
  A butterfly (Lair:4)
461 creatures vanquished.

Vanquished Creatures (collateral kills)
  2 dire elephants (Lair:5)
  Snorg (Lair:3)
  4 hydras
  A ghost crab (Lair:2)
  A boulder beetle (Lair:3)
  2 two-headed ogres
  A death yak (Lair:1)
  A deep elf knight (Elf:2)
  A wretched star (Abyss:2)
  A spectral anaconda (Lair:5)
  An obsidian statue (Lair:5)
  3 necromancers (Lair:5)
  An orc sorcerer (Orc:2)
  8 elephants
  An eye of devastation (Lair:5)
  5 komodo dragons
  3 cane toads
  2 dire elephant skeletons (Lair:5)
  An unseen horror (D:11)
  A rime drake (Lair:2)
  A polar bear (Lair:3)
  A spectral black mamba (Lair:2)
  A wyvern (Lair:5)
  Eustachio (D:6)
  5 yaks
  A spectral cane toad (Lair:5)
  A death yak simulacrum (Lair:5)
  A naga (Lair:3)
  A warg (Orc:1)
  2 spectral yaks (Lair:2)
  5 water moccasins
  A spectral blink frog (Lair:2)
  An orc warrior (D:7)
  An elephant zombie (Lair:5)
  2 wolves (Lair:4)
  5 ogres
  A gnoll sergeant (D:10)
  An elephant simulacrum (Lair:5)
  An orc priest (Orc:1)
  2 orc wizards (D:5)
  4 gnolls (D:2)
  2 adders
  An orc (Orc:1)
  A bat (D:2)
  2 goblins
  2 hobgoblins (D:2)
  2 kobolds (D:1)
  A quokka (D:1)
  A frilled lizard (D:1)
  A rat (D:1)
93 creatures vanquished.

Vanquished Creatures (others)
  2 deep elf sorcerers (Elf:1)
  5 orc high priests (Orc:2)
  A deep elf knight (Elf:1)
  A deep elf archer (Elf:1)
  A wizard (Elf:1)
  7 orc knights (Orc:2)
  A deep elf zephyrmancer (Elf:1)
  8 deep elf pyromancers
  A tengu conjurer (Elf:1)
  A water elemental (Elf:1)
  16 orc warriors (Orc:2)
  A nameless horror (Elf:1)
  18 orc priests (Orc:2)
  13 orcs (Orc:2)
  A fire vortex (Lair:5)
  17 fungi
  47 plants
  4 starspawn tentacles (Elf:1)
  25 withered plants (Lair:5)
170 creatures vanquished.

Grand Total: 724 creatures vanquished

Notes
Turn   | Place    | Note
-------+----------+-------------------------------------------
     0 | D:1      | valliere the Gnoll Summoner began the quest for the Orb.
     0 | D:1      | Reached XP level 1. HP: 13/13 MP: 6/6
    54 | D:1      | Found Tisut's Weapon Shoppe.
   301 | D:1      | Gained mutation: You expend magic power (3 MP) to
                  | strengthen your wands. [potion of mutation]
   301 | D:1      | Gained mutation: Your spells are a little harder to cast,
                  | but a little more powerful. [potion of mutation]
   301 | D:1      | Gained mutation: You are robust. (+10% HP) [potion of
                  | mutation]
   421 | D:1      | Found Huucwiuf's Magic Scroll Shoppe.
   422 | D:1      | Found Bangeh's Book Boutique.
   427 | D:1      | Found Hacah's Antique Weapon Emporium.
   433 | D:1      | Reached XP level 2. HP: 20/20 MP: 4/7
   592 | D:1      | Learned a level 2 spell: Call Imp
  1001 | D:2      | Reached skill level 5 in Spellcasting
  1001 | D:2      | Reached XP level 3. HP: 27/27 MP: 4/9
  1130 | D:2      | Reached skill level 1 in Invocations
  1170 | D:2      | Reached skill level 1 in Fighting
  1170 | D:2      | Reached skill level 1 in Short Blades
  1170 | D:2      | Reached skill level 1 in Long Blades
  1170 | D:2      | Reached skill level 1 in Axes
  1170 | D:2      | Reached skill level 1 in Maces & Flails
  1170 | D:2      | Reached skill level 1 in Polearms
  1170 | D:2      | Reached skill level 1 in Staves
  1170 | D:2      | Reached skill level 1 in Ranged Weapons
  1170 | D:2      | Reached skill level 1 in Throwing
  1170 | D:2      | Reached skill level 1 in Armour
  1170 | D:2      | Reached skill level 1 in Shields
  1170 | D:2      | Reached skill level 1 in Unarmed Combat
  1170 | D:2      | Reached skill level 1 in Evocations
  1181 | D:2      | Reached XP level 4. HP: 35/35 MP: 8/11
  1339 | D:2      | Reached skill level 1 in Conjurations
  1339 | D:2      | Reached skill level 1 in Hexes
  1339 | D:2      | Reached skill level 1 in Necromancy
  1339 | D:2      | Reached skill level 1 in Translocations
  1339 | D:2      | Reached skill level 1 in Transmutations
  1339 | D:2      | Reached skill level 1 in Fire Magic
  1339 | D:2      | Reached skill level 1 in Ice Magic
  1339 | D:2      | Reached skill level 1 in Air Magic
  1339 | D:2      | Reached skill level 1 in Earth Magic
  1339 | D:2      | Reached skill level 1 in Poison Magic
  1410 | D:2      | Noticed Jessica
  1419 | D:2      | Killed Jessica
  1436 | D:2      | Learned a level 3 spell: Call Canine Familiar
  1516 | D:2      | Reached XP level 5. HP: 40/40 MP: 10/12
  1555 | D:2      | Found a faded altar of an unknown god.
  1574 | D:2      | Prayed at the altar of an unknown god.
  1574 | D:2      | Became a worshipper of Lugonu the Unformed
  1574 | D:2      | Reached * piety under Lugonu
  1782 | D:2      | Identified a scroll of acquirement
  1783 | D:2      | Acquired 1224 gold pieces
  1844 | D:1      | Bought the +11 battleaxe of the Warrior-Mage {speed, *Slow
                  | rPois rF+ Int+3} for 934 gold pieces
  1918 | D:3      | Acquired 576 gold pieces
  1939 | D:3      | Found a white marble altar of Elyvilon.
  1939 | D:3      | Found a snail-covered altar of Cheibriados.
  1941 | D:3      | Found a hazy altar of Hepliaklqana.
  1941 | D:3      | Found an ornate altar of the Wu Jian Council.
  1944 | D:3      | Found a broken altar of Ashenzari.
  2150 | D:3      | Reached ** piety under Lugonu
  2155 | D:3      | Reached skill level 5 in Dodging
  2155 | D:3      | Reached XP level 6. HP: 27/48 MP: 14/14
  2826 | D:4      | Noticed a sky beast
  2840 | D:4      | Reached XP level 7. HP: 43/56 MP: 15/15
  3108 | D:4      | Found a transporter.
  3158 | D:4      | Found a transporter.
  3171 | D:4      | Found a one-way gate to the infinite horrors of the Abyss.
  3171 | D:4      | Noticed Sabo's ghost (amateur OpCj)
  3192 | D:4      | Reached skill level 5 in Stealth
  3509 | D:5      | Entered Level 5 of the Dungeon
  3697 | D:5      | Reached XP level 8. HP: 52/63 MP: 16/16
  3762 | D:5      | Reached skill level 6 in Spellcasting
  4015 | D:5      | Noticed Dowan
  4016 | D:5      | Noticed Duvessa
  4027 | D:5      | Killed Duvessa
  4036 | D:5      | Killed Dowan
  4036 | D:5      | Reached *** piety under Lugonu
  4606 | D:6      | Reached XP level 9. HP: 68/71 MP: 13/18
  4617 | D:6      | Noticed Eustachio
  4644 | D:6      | Killed Eustachio
  4657 | D:6      | Identified the +0 ring mail of the Cobbler {rN+}
  4825 | D:6      | Acquired an Inescapable Atlas
  4840 | D:6      | Found a hide-covered altar of Uskayaw.
  4840 | D:6      | Found an iron altar of Okawaru.
  4841 | D:6      | Found a glowing silver altar of Zin.
  5092 | D:6      | Identified the +3 whip of Starshine {freeze, rElec rC+
                  | Int-2}
  5211 | D:7      | Found a staircase to the Ecumenical Temple.
  5240 | D:7      | Reached skill level 5 in Invocations
  5489 | D:7      | Reached skill level 7 in Spellcasting
  5627 | D:7      | Noticed a troll
  5823 | D:7      | Reached skill level 5 in Fighting
  5823 | D:7      | Reached skill level 5 in Short Blades
  5823 | D:7      | Reached skill level 5 in Long Blades
  5823 | D:7      | Reached skill level 5 in Axes
  5823 | D:7      | Reached skill level 5 in Maces & Flails
  5823 | D:7      | Reached skill level 5 in Polearms
  5823 | D:7      | Reached skill level 5 in Staves
  5823 | D:7      | Reached skill level 5 in Ranged Weapons
  5823 | D:7      | Reached skill level 5 in Throwing
  5823 | D:7      | Reached skill level 5 in Armour
  5823 | D:7      | Reached skill level 5 in Shields
  5823 | D:7      | Reached skill level 5 in Unarmed Combat
  5823 | D:7      | Reached skill level 5 in Evocations
  5823 | D:7      | Reached XP level 10. HP: 77/81 MP: 20/20
  5917 | D:7      | Reached **** piety under Lugonu
  5979 | D:7      | Noticed a two-headed ogre
  5989 | D:7      | Killed a two-headed ogre
  7345 | D:8      | Learned a level 4 spell: Manifold Assault
  7784 | D:9      | Found a radiant altar of Vehumet.
  7916 | D:9      | Reached skill level 5 in Conjurations
  7916 | D:9      | Reached skill level 5 in Hexes
  7916 | D:9      | Reached skill level 5 in Necromancy
  7916 | D:9      | Reached skill level 5 in Translocations
  7916 | D:9      | Reached skill level 5 in Transmutations
  7916 | D:9      | Reached skill level 5 in Fire Magic
  7916 | D:9      | Reached skill level 5 in Ice Magic
  7916 | D:9      | Reached skill level 5 in Air Magic
  7916 | D:9      | Reached skill level 5 in Earth Magic
  7916 | D:9      | Reached skill level 5 in Poison Magic
  7918 | D:9      | Found a flagged portal.
  7930 | Bailey   | Entered a bailey
  7964 | Bailey   | Reached XP level 11. HP: 14/89 MP: 10/22
  7986 | Bailey   | Reached skill level 8 in Spellcasting
  8242 | Bailey   | Noticed a two-headed ogre
  8250 | Bailey   | Killed a two-headed ogre
  8716 | D:9      | Found a staircase to the Lair.
  8863 | Lair:1   | Entered Level 1 of the Lair of Beasts
  9926 | Lair:1   | Noticed a death yak
  9926 | Lair:1   | Noticed a death yak
  9926 | Lair:1   | Noticed a death yak
  9926 | Lair:1   | Noticed a death yak
  9977 | Lair:1   | Killed a death yak
 10537 | Lair:2   | Learned a level 4 spell: Animate Armour
 10566 | Lair:2   | Noticed a ghost crab
 10567 | Lair:2   | Reached XP level 12. HP: 94/100 MP: 17/24
 10569 | Lair:2   | Killed a ghost crab
 10601 | Lair:2   | Found a staircase to the Swamp.
 10765 | Lair:2   | Reached skill level 9 in Spellcasting
 11006 | Lair:3   | Noticed Snorg
 11013 | Lair:3   | Killed Snorg
 11019 | Lair:3   | Reached ***** piety under Lugonu
 11074 | Lair:3   | Noticed a boulder beetle
 11085 | Lair:3   | Killed a boulder beetle
 11166 | Lair:3   | Noticed a four-headed hydra
 11174 | Lair:3   | Killed a four-headed hydra
 11229 | Lair:3   | Found a staircase to the Snake Pit.
 11669 | Lair:3   | Acquired the +0 arbalest "Kohamu" {elec, rElec Int+3
                  | Stlth+}
 11839 | Lair:3   | Noticed a four-headed hydra
 11849 | Lair:3   | Killed a four-headed hydra
 12752 | Lair:4   | Reached XP level 13. HP: 103/107 MP: 18/26
 12819 | Lair:4   | Learned a level 2 spell: Blink
 12823 | Lair:4   | Learned a level 3 spell: Mephitic Cloud
 12925 | Lair:4   | Reached skill level 10 in Summonings
 13190 | Lair:5   | Entered Level 5 of the Lair of Beasts
 13644 | Lair:5   | Found a blossoming altar of Fedhas.
 13679 | Lair:5   | Reached skill level 10 in Spellcasting
 14104 | Lair:5   | Reached skill level 10 in Dodging
 14235 | Lair:5   | Found a staircase to the Slime Pits.
 14237 | Lair:5   | Paralysed by a floating eye for 2 turns
 14430 | Lair:5   | Noticed a dire elephant
 14430 | Lair:5   | Noticed a dire elephant
 14431 | Lair:5   | Noticed a dire elephant
 14439 | Lair:5   | Killed a dire elephant
 14869 | Lair:5   | Reached skill level 10 in Stealth
 14906 | Lair:5   | Killed a dire elephant
 14927 | Lair:5   | Killed a dire elephant
 14927 | Lair:5   | Reached ****** piety under Lugonu
 14928 | Lair:5   | Reached skill level 10 in Invocations
 14928 | Lair:5   | Reached XP level 14. HP: 101/118 MP: 18/28
 15270 | Lair:5   | Identified the +1 scale mail of Riuraiz {Will+++ Int-5
                  | Slay-2 SInv}
 15617 | D:10     | Entered Level 10 of the Dungeon
 15810 | D:10     | Identified the +1 trident "Lyt Oju" {freeze, rC+}
 15822 | D:10     | Identified the +5 trident "Dawad" {flame, Dex+6}
 16702 | Abyss:2  | Cast into level 2 of the Abyss (a wizard)
 16777 | D:11     | Escaped the Abyss
 16804 | D:11     | Got the Meditations on Repulsive Transposition
 17086 | D:11     | Found a staircase to the Orcish Mines.
 17346 | Orc:1    | Entered Level 1 of the Orcish Mines
 17827 | Orc:2    | Entered Level 2 of the Orcish Mines
 17984 | Orc:2    | Found a staircase to the Elven Halls.
 17989 | Orc:2    | Found Hyneno's General Store.
 17995 | Orc:2    | Found Ipnaon Ynee's Assorted Antiques.
 18236 | Orc:2    | Corrupted Orc:2
 18236 | Orc:2    | Noticed a bone dragon
 18236 | Orc:2    | Noticed a yellow draconian annihilator
 18737 | Orc:2    | Found Rirghuruh's Antique Armour Shop.
 18740 | Orc:2    | Found Niystrun's Magic Scroll Boutique.
 18741 | Orc:2    | Found Bicupin's Antique Armour Shop.
 18742 | Orc:2    | Found Reteikhu's Weapon Shop.
 18745 | Orc:2    | Bought a pair of warped boots for 275 gold pieces
 18745 | Orc:2    | Identified the +1 pair of boots of Juelle Cudo {+Blink rC+
                  | Will-} (You bought it in a shop on level 2 of the Orcish
                  | Mines)
 18747 | Orc:2    | Bought a scroll of identify for 24 gold pieces
 18747 | Orc:2    | Bought a scroll of identify for 24 gold pieces
 18747 | Orc:2    | Bought a scroll of identify for 24 gold pieces
 18771 | Orc:2    | Bought a translucent kite shield for 218 gold pieces
 18771 | Orc:2    | Identified the -1 kite shield "Wadu" {rF+ MP+9 Dex+2} (You
                  | bought it in a shop on level 2 of the Orcish Mines)
 18772 | Orc:2    | Bought the +11 Singing Sword {sonic wave} for 1300 gold
                  | pieces
 18772 | Orc:2    | Found the +11 Singing Sword {sonic wave}
 18932 | Elf:1    | Entered Level 1 of the Elven Halls
 18932 | Elf:1    | Noticed a deep elf annihilator
 18932 | Elf:1    | Noticed a deep elf annihilator
 18932 | Elf:1    | Found a runed translucent gate.
 18932 | Elf:1    | Found a runed translucent gate.
 18932 | Elf:1    | Found a runed translucent gate.
 18932 | Elf:1    | Found a runed translucent gate.
 18932 | Elf:1    | Found a runed translucent gate.
 18932 | Elf:1    | Found a runed translucent gate.
 18933 | Elf:1    | Found a runed translucent door.
 18951 | Elf:1    | Found a runed translucent door.
 18957 | Elf:1    | Killed a deep elf annihilator
 18958 | Elf:1    | Reached skill level 11 in Spellcasting
 18959 | Elf:1    | Killed a deep elf annihilator
 19352 | Elf:1    | Paralysed by an air elemental for 1 turns
 19403 | Elf:1    | Reached skill level 10 in Fighting
 19403 | Elf:1    | Reached skill level 10 in Short Blades
 19403 | Elf:1    | Reached skill level 10 in Long Blades
 19403 | Elf:1    | Reached skill level 10 in Axes
 19403 | Elf:1    | Reached skill level 10 in Maces & Flails
 19403 | Elf:1    | Reached skill level 10 in Polearms
 19403 | Elf:1    | Reached skill level 10 in Staves
 19403 | Elf:1    | Reached skill level 10 in Ranged Weapons
 19403 | Elf:1    | Reached skill level 10 in Throwing
 19403 | Elf:1    | Reached skill level 10 in Armour
 19403 | Elf:1    | Reached skill level 10 in Shields
 19403 | Elf:1    | Reached skill level 10 in Unarmed Combat
 19403 | Elf:1    | Reached skill level 10 in Evocations
 19431 | Elf:1    | Reached XP level 15. HP: 68/126 MP: 30/30
 19960 | Elf:1    | Noticed a deep elf sorcerer
 19962 | Elf:1    | Noticed a deep elf sorcerer
 19963 | Elf:1    | Corrupted Elf:1
 19963 | Elf:1    | Noticed a tentacled starspawn
 19966 | Elf:1    | Killed a deep elf sorcerer
 19968 | Elf:1    | Killed a deep elf sorcerer
 19970 | Elf:1    | Noticed a tentacled starspawn
 20317 | Elf:1    | Found a runed translucent gate.
 20317 | Elf:1    | Found a runed translucent gate.
 20317 | Elf:1    | Found a runed translucent gate.
 20377 | Elf:1    | Found an opulent altar of Gozag.
 20377 | Elf:1    | Noticed drugrobin's ghost (journeyman DgDe)
 20380 | Elf:1    | Found Arodaxich's Assorted Antiques.
 20731 | Elf:2    | Found an ancient bone altar of Kikubaaqudgha.
 20739 | Elf:2    | Found Degic's Antique Weapon Emporium.
 21575 | Elf:2    | Found a runed translucent gate.
 21575 | Elf:2    | Found a runed translucent gate.
 21575 | Elf:2    | Found a runed translucent gate.
 22221 | Elf:2    | Reached skill level 12 in Spellcasting
 22221 | Elf:2    | Reached XP level 16. HP: 136/136 MP: 32/32
 22243 | Elf:2    | HP: 2/136 [+7 executioner's axe of freezing (12)]
 22243 | Elf:2    | Slain by a +7 executioner's axe of freezing

Illustrated notes

Levels and vault maps discovered:
D:1:      sevenhm_arrival_forest_fort_small_3, layout_basic, serial_shops, shop,
          nicolae_shop_trees, shop, shop, corner_web_ring,
          chequers_serial_rivers_micro_b, serial_bayou_pond_e
D:2:      layout_basic, chequers_ecumenical_altar_simple, minmay_joined_circles,
          uniq_jessica
D:3:      cheibrodos_helix_gallery, layout_loops_ring,
          grunt_temple_overflow_open
D:4:      layout_loops_ring, gammafunk_ghost_abyssal_escape,
          guppyfry_early_lair_pool
D:5:      dreamdust_elfheim, layout_basic, dreamdust_gnoll_farm, uniq_duvessa
D:6:      layout_rooms, gammafunk_temple_overflow_claw, uniq_eustachio
D:7:      minmay_the_grid_four_pointed_star
          [minmay_the_grid_triangle_9x9_intruding_spiral,
          minmay_the_grid_triangle_9x9_flanged_cone,
          minmay_the_grid_triangle_9x9_wacky_v,
          minmay_the_grid_triangle_9x9_skeleton,
          minmay_the_grid_prize_four_corners], layout_loops_ring,
          minmay_temple_entry_stoned_glass
D:8:      layout_basic, columned_hall_lemuel
D:9:      layout_basic, nicolae_vehumet_radiance, lair_entry_dummy,
          enter_bailey_3, serial_bayou_pond_e, hangedman_decor_lopped
D:10:     layout_basic, serial_glass, glass_columns_a, glass_columns_c
D:11:     cheibrodos_wizards_tower, layout_loops_ring
Lair:1:   layout_layer_cave, serial_bayou_pond_e, infiniplex_staircase_pool_2,
          grunt_megastairs_3
Lair:2:   layout_concentric_octagons, nicolae_swamp_entry_spooky,
          infiniplex_staircase_pool
Lair:3:   layout_concentric_octagons, minmay_snake_entry_guardpost_small,
          portal_ice_cave_rime, chequers_serial_rivers_micro_c, uniq_snorg
Lair:4:   layout_long_grid, grunt_megastairs_4, lemuel_fruit_fields
Lair:5:   due_jungle_book, layout_gridlike, minmay_slime_entry_eyes,
          basic_altar, serial_bayou_ford_a
Orc:1:    layout_diamond_mine
Orc:2:    st_orc_pillars, layout_diamond_mine, serial_shops, shop_coins,
          nicolae_shop_trees
Elf:1:    nicolae_elf_arrival_dilemma, layout_loops_corners,
          ebering_ghost_gozag, minmay_elf_sorcery, nicolae_elf_big_sculpture_1,
          nicolae_concentric_dashed_squares_wild, hangedman_elf_disciples
Elf:2:    nicolae_elf_blades_crystal_corner, layout_gridlike, serial_shops,
          shop, basic_altar, dreamdust_princess_bridge

Skill      XL: |  1  2  3  4  5  6  7  8  9 10 11 12 13 14 15 |
---------------+----------------------------------------------+-----
Spellcasting   | 5 6 7 8 9 10 11 12 | 12.0
Invocations    | 1 2 3 4 5 6 7 8 10 11 | 11.8
Fighting       | 1 2 3 5 6 7 8 9 10 | 10.9
Short Blades   | 1 2 3 5 6 7 8 9 10 | 10.9
Long Blades    | 1 2 3 5 6 7 8 9 10 | 10.9
Axes           | 1 2 3 5 6 7 8 9 10 | 10.9
Maces & Flails | 1 2 3 5 6 7 8 9 10 | 10.9
Polearms       | 1 2 3 5 6 7 8 9 10 | 10.9
Staves         | 1 2 3 5 6 7 8 9 10 | 10.9
Ranged Weapons | 1 2 3 5 6 7 8 9 10 | 10.9
Throwing       | 1 2 3 5 6 7 8 9 10 | 10.9
Armour         | 1 2 3 5 6 7 8 9 10 | 10.9
Shields        | 1 2 3 5 6 7 8 9 10 | 10.9
Unarmed Combat | 1 2 3 5 6 7 8 9 10 | 10.9
Evocations     | 1 2 3 5 6 7 8 9 10 | 10.9
Conjurations   | 1 2 3 4 5 6 7 8 9 |  9.2
Hexes          | 1 2 3 4 5 6 7 8 9 |  9.2
Necromancy     | 1 2 3 4 5 6 7 8 9 |  9.2
Translocations | 1 2 3 4 5 6 7 8 9 |  9.2
Transmutations | 1 2 3 4 5 6 7 8 9 |  9.2
Fire Magic     | 1 2 3 4 5 6 7 8 9 |  9.2
Ice Magic      | 1 2 3 4 5 6 7 8 9 |  9.2
Air Magic      | 1 2 3 4 5 6 7 8 9 |  9.2
Earth Magic    | 1 2 3 4 5 6 7 8 9 |  9.2
Poison Magic   | 1 2 3 4 5 6 7 8 9 |  9.2
Dodging        | 5 6 7 8 9 10 11 | 11.8
Stealth        | 5 6 7 8 9 10 11 | 11.7
Summonings     | 8 9 10 11 | 11.6

Action                     |  1- 3 |  4- 6 |  7- 9 | 10-12 | 13-15 | 16-18 || total
---------------------------+-------+-------+-------+-------+-------+-------++-------
  Melee: Unarmed           |     8 |       |       |       |       |       ||     8
         Bite              |     4 |    17 |     9 |    43 |   103 |       ||   176
         Dagger            |    27 |       |       |       |       |       ||    27
         Punch             |     1 |     1 |       |       |       |       ||     2
         Spear             |       |    86 |       |       |       |       ||    86
         Battleaxe         |       |    63 |   161 |   336 |   418 |       ||   978
         Falchion          |       |       |    13 |       |       |       ||    13
         Double sword      |       |       |       |       |   211 |     5 ||   216
   Fire: Arbalest          |       |       |       |    48 |       |       ||    48
   Cast: Summon Small Mamm |    24 |     2 |       |     7 |       |       ||    33
         Call Imp          |     8 |     1 |     4 |     9 |     1 |       ||    23
         Call Canine Famil |       |     1 |     8 |    23 |    20 |       ||    52
         Manifold Assault  |       |       |       |     6 |     7 |       ||    13
         Animate Armour    |       |       |       |     9 |    26 |       ||    35
         Mephitic Cloud    |       |       |       |       |    22 |       ||    22
 Invoke: Banish            |       |       |       |     2 |       |       ||     2
         Corrupt           |       |       |       |       |     2 |       ||     2
         Depart the Abyss  |       |       |       |       |     1 |       ||     1
    Use: Potion            |     1 |       |       |       |     5 |       ||     6
         Scroll            |       |     5 |     1 |     6 |    14 |     1 ||    27
   Stab: Sleeping          |       |     7 |     6 |    11 |    15 |       ||    39
         Distracted        |       |       |       |     4 |     3 |       ||     7
         Confused          |       |       |       |       |    17 |       ||    17
 Armour: Robe              |     5 |     5 |       |       |       |       ||    10
         Leather armour    |       |    12 |     1 |       |       |       ||    13
         Ring mail         |       |       |    46 |    34 |       |       ||    80
         Quicksilver drago |       |       |       |    87 |   153 |     3 ||   243
  Dodge: Dodged            |    23 |    75 |    86 |   196 |   364 |     4 ||   748
  Block: Other             |       |       |    34 |    72 |    71 |       ||   177
         Reflection        |       |       |       |     2 |    14 |       ||    16
         Kite shield       |       |       |       |       |   169 |     8 ||   177

Table legend: (Time is in decaauts)
 A = Elapsed time spent in this place.
 B = Non-inter-level travel time spent in this place.
 C = Inter-level travel time spent in this place.
 D = Time resting spent in this place.
 E = Time spent auto-exploring this place.
 F = Levels seen in this place.
 G = Mean time per level.
                   A        B        C        D        E       F      G
               +--------+--------+--------+--------+--------+-----+--------+
         Total |  22206 |  21547 |    659 |   1276 |  15960 |  22 | 1009.4 |
       Dungeon |  10116 |   9773 |    343 |    301 |   7523 |  11 |  919.6 |
          Lair |   6700 |   6491 |    209 |     20 |   5324 |   5 | 1340.0 |
  Orcish Mines |   1563 |   1513 |     50 |    343 |    951 |   2 |  781.5 |
   Elven Halls |   3341 |   3284 |     57 |    569 |   1889 |   2 | 1670.5 |
         Abyss |     73 |     73 |      0 |      0 |     61 |   1 |   73.0 |
        Bailey |    411 |    411 |      0 |     43 |    211 |   1 |  411.0 |
               +--------+--------+--------+--------+--------+-----+--------+

Top non-repeatable levels by time:
  Lair:5: 2265 daAuts
   Elf:1: 2196 daAuts
  Lair:1: 1188 daAuts
     D:8: 1185 daAuts
  Lair:3: 1182 daAuts
   Elf:2: 1145 daAuts
   Orc:2: 1091 daAuts
  Lair:4: 1071 daAuts
     D:5: 1012 daAuts
  Lair:2: 992 daAuts
     D:6: 988 daAuts
    D:10: 968 daAuts
     D:7: 964 daAuts
     D:2: 946 daAuts
     D:1: 917 daAuts
